Map: Bel'Shir Vestige LE (Void)

Players

Cryo - Winner!

  • Race: Zerg Zerg
  • League: Diamond
  • Spawn Location: 11:00

Musumeci

  • Race: Zerg Zerg
  • League: Diamond
  • Spawn Location: 5:00

VOD

Have the link to the VOD?

Description

Time

  • Played on: Feb. 8, 2017, 11:49 a.m.
  • Length: 9:06
Show
View Real Time Build Order
Export as new Build Order

Cryo Zerg - Winner!

Build Orders: Hatch First 

Get SALT Encoding   

  12  0:00  Drone  
  13  0:13  Overlord  
  13  0:18  Drone  
  14  0:31  Drone  
  14  0:32  Drone  
  16  0:37  Drone  
  17  1:00  Hatchery  
  17  1:02  Drone  
  17  1:11  Spawning Pool  
  16  1:12  Drone  
  16  1:17  Extractor  
  16  1:18  Drone  
  16  1:22  Drone  
  18  1:44  Drone  
  18  1:45  Overlord  
  19  2:02  Queen  
  19  2:04  Zergling x4  
  23  2:12  Queen  
  23  2:14  Drone x2  
  27  2:34  Overlord  
  27  2:35  Drone  
  27  2:36  Drone x2  
  30  2:42  Baneling Nest  
  29  2:45  Zergling x4  
  29  2:47  Metabolic Boost  
  29  3:28  Extractor  
  29  3:31  Drone x2  
  29  3:32  Drone x7  
  37  3:50  Lair  
  37  3:51  Hatchery, Overlord  
  36  4:04  Overlord  
  36  4:16  Overlord  
  36  4:18  Overlord  
  36  4:29  Zergling x12  
  42  4:35  Hatchery  
  41  4:39  Zergling x2  
  42  4:53  Zergling x6  
  45  5:02  Queen, Drone x4, Spire  
  45  5:06  Drone x2, Extractor x2  
  50  5:18  Drone  
  44  5:42  Zergling x2  
  44  5:43  Zergling x12  
  48  5:52  Drone x2  
  50  6:15  Mutalisk  
  50  6:16  Mutalisk x5  
  62  6:20  Zerg Flyer Weapons Level 1  
  62  6:22  Drone x3  
  65  6:34  Baneling x5  
  63  6:55  Mutalisk  
  64  7:04  Overlord  
  64  7:06  Overlord  
  64  7:09  Drone x2  
  64  7:11  Overlord x3  
  66  7:18  Baneling x3  
  66  7:20  Baneling x2  
  66  7:28  Drone  
  66  7:29  Drone x14  
  75  7:49  Mutalisk x5  
  75  7:50  Mutalisk  
  81  8:01  Zergling x12  
  81  8:02  Zergling x2  
  81  8:04  Queen  
  89  8:07  Extractor  
  89  8:09  Drone x4  
  92  8:33  Mutalisk x3  
Show
View Real Time Build Order
Export as new Build Order

Musumeci Zerg 

Build Orders: Hatch First 

Get SALT Encoding   

  12  0:02  Drone  
  13  0:08  Drone  
  14  0:21  Overlord  
  14  0:28  Drone, Extractor  
  15  0:39  Drone  
  15  0:40  Drone  
  17  0:46  Drone  
  18  0:59  Hatchery  
  18  1:04  Drone, Extractor  
  17  1:19  Spawning Pool  
  16  1:38  Drone x3  
  18  1:52  Drone  
  19  2:06  Queen  
  21  2:09  Zergling x2  
  21  2:10  Queen  
  21  2:13  Overlord  
  21  2:15  Zergling x2  
  25  2:21  Drone, Metabolic Boost  
  26  2:24  Zergling x2  
  27  2:33  Drone  
  27  2:34  Drone  
  29  2:42  Drone  
  29  2:43  Drone  
  31  2:55  Zergling x4  
  32  3:06  Baneling Nest  
  29  3:33  Overlord x2  
  29  4:00  Drone x8  
  37  4:06  Lair  
  37  4:07  Hatchery  
  36  4:11  Drone  
  36  4:30  Zergling x8  
  36  4:31  Zergling x2  
  41  4:35  Evolution Chamber  
  41  4:37  Drone, Evolution Chamber  
  41  4:38  Extractor  
  39  4:40  Extractor  
  39  4:41  Extractor  
  37  4:51  Baneling x2  
  36  4:56  Drone x3  
  36  4:57  Drone x2  
  36  4:58  Drone  
  36  4:59  Drone  
  43  5:00  Overlord  
  43  5:02  Baneling x2  
  43  5:03  Baneling  
  43  5:13  Baneling  
  43  5:14  Baneling, Zergling x2  
  44  5:27  Zergling x2  
  44  5:28  Zergling x14  
  49  5:41  Baneling  
  47  5:55  Zerg Melee Weapons Level 1  
  47  5:56  Zerg Ground Armor Level 1  
  46  5:59  Baneling  
  46  6:00  Baneling x2  
  46  6:01  Drone x10  
  56  6:09  Queen  
  56  6:10  Spire  
  57  6:11  Overlord  
  58  6:32  Drone  
  58  6:33  Drone x3  
  58  6:36  Drone x4  
  58  6:37  Overlord x2  
  65  6:41  Baneling x2  
  59  7:06  Spore Crawler  
  58  7:08  Spore Crawler  
  58  7:10  Spore Crawler  
  58  7:11  Zergling x8  
  58  7:12  Zergling x12  
  65  7:31  Baneling x2  
  65  7:40  Overlord x3  
  65  7:41  Overlord x3  
  47  8:08  Mutalisk x4  
  47  8:09  Mutalisk x6  
  69  8:20  Drone x9, Extractor  
  69  8:22  Zergling x2, Extractor  
  75  8:39  Hatchery  
Tags
 
Add a new tag
Caveats
  • Supply blocks, unpowered buildings, or Contaminate may cause inaccurate times.
  • Supply counts are checked every 10 seconds.